 Dungeon Crawl Stone Soup version 0.32-a0-607-g64ea0e4219 (webtiles) character file.

Game seed: 10287361565547097218

741 adelrune the Shooter (level 7, -3/54 HPs)
             Began as a Coglin Hunter on Mar 3, 2024.
             Slain by a gnoll
             ... wielding a +0 club
              (4 damage)
             ... on level 4 of the Dungeon.
             The game lasted 00:09:18 (3452 turns).

adelrune the Shooter (Coglin Hunter)                Turns: 3452, Time: 00:09:19

Health: -3/54      AC:  3    Str: 11    XL:     7   Next: 75%
Magic:  7/7        EV: 13    Int:  9    God:
Gold:   130        SH:  0    Dex: 19    Spells: 4/6 levels left

rFire   . . .        a - +2 sling {Juhanna}
rCold   . . .        d - +0 sling {Cihuaton}
rNeg    . . .        c - +0 leather armour
rPois   .            (no helmet)
rElec   .            (no cloak)
rCorr   .            (no gloves)
SInv    .            (no boots)
Will    .....        (amulet unavailable)
Stlth   ++           (ring unavailable)
HPRegen 0.29/turn    (ring unavailable)
MPRegen 0.10/turn    (no gizmo)

%: no passive effects
@: no status effects
A: off-hand wielding, slow wielding, warmup strikes, no jewellery
a: Invent Gizmo


You were on level 4 of the Dungeon.
You visited 1 branch of the dungeon, and saw 5 of its levels.

You collected 130 gold pieces.

Inventory:

Hand Weapons
 a - a +2 sling (weapon) {Juhanna}
 d - a +0 sling (offhand) {Cihuaton}
Armour
 c - a +0 leather armour (worn)
Wands
 g - a wand of acid (13)
Scrolls
 b - a scroll of butterflies
 e - 5 scrolls of identify
 i - a scroll of noise
 k - a scroll of teleportation {unknown}
Potions
 f - a potion of mutation {unknown}
 j - a potion of curing {unknown}


   Skills:
 + Level 4.0 Fighting
 * Level 5.8 Ranged Weapons
 + Level 3.5 Dodging
 - Level 1.9 Stealth
 * Level 3.2 Hexes


You had 4 spell levels left.
You knew the following spells:

 Your Spells              Type           Power      Damage    Failure   Level
a - Jinxbite              Hex            10%        N/A       22%         2

Your spell library contained the following spells:

 Spells                   Type           Power      Damage    Failure   Level
 Dazzling Flash           Conj/Hex       4%         N/A       63%         3
 Volatile Blastmotes      Fire/Tloc      0%         2d10      85%         3
 Yara's Violent Unravell  Hex/Alch       1%         3d3       100%        5
 Starburst                Conj/Fire      0%         6d3       100%        6
 Enfeeble                 Hex            2%         N/A       100%        7
 Maxwell's Capacitive Co  Air            0%         ∞         100%        8


Dungeon Overview and Level Annotations

Branches:
Dungeon (5/15)
 Temple: D:4-7

Altars:
Uskayaw

Shops:
D:1 *

Annotations:
D:3 1 runed translucent door, Crazy Yiuf
D:4 Edmund


Innate Abilities, Weirdness & Mutations

You can wield a second weapon in your off-hand.
It takes a long time for you to wield or remove held weapons.
Your first few attacks do less damage.
You cannot equip rings or amulets.


Message History

You climb upwards.
Level annotation: Edmund
There is a stone staircase leading down here.
You shoot a sling bullet.
The sling bullet barely misses the orc priest.
You shoot a sling bullet.
The sling bullet barely misses the orc priest.
The gnoll misses you.
The orc priest calls down the wrath of Beogh upon you.
Pain shoots through your body! The gnoll hits you with a +0 flail!
The gnoll barely misses you.
You are too injured to fight recklessly!
You shoot a sling bullet.
The orc priest shouts, "The Pantheon deserves no one's loyalty.
Let us show you the true path!"
The sling bullet hits the orc priest.
The orc priest is heavily wounded.
You shoot a sling bullet.
The sling bullet hits the orc priest but does no damage.
The orc priest is heavily wounded.
The gnoll closely misses you. The gnoll hits you with a +0 club.
The orc priest hits you but does no damage.
The gnoll hits you with a +0 whip.
* * * LOW HITPOINT WARNING * * *
You shoot a sling bullet. The sling bullet hits the orc priest.
The orc priest is severely wounded.
You shoot a sling bullet. The sling bullet hits the orc priest.
You kill the orc priest!
The gnoll hits you with a +0 flail.
* * * LOW HITPOINT WARNING * * *
The gnoll completely misses you. The gnoll barely misses you.
Your Fighting skill increases to level 4!
Things that are here:
a +0 flail; an orc corpse The gnoll closely misses you.
The gnoll hits you with a +0 flail!
* * * LOW HITPOINT WARNING * * *
The gnoll attacks as it pursues you! The gnoll hits you with a +0 club.
* * * LOW HITPOINT WARNING * * *
The gnoll attacks as it pursues you! The gnoll hits you with a +0 club.
You die...

#....#.............#
##.>##.........>..#
##..))#...........##
#...#..............######
#......g#............##.##
#...#.##g#............#...#
....### #.........###......#
#.##. ####..g....### #..#...# ..
#. #......@#### #..###### ..#
.....##....# ####..# #
##>#....###...<## #....#### ##
###....## #....## #..#....###.
..#....#####...######..##)...##..
........##....##....##.##........
@.#....................#.........
.##.#.##......#......######......
.##...###....###......#####......


You could see 3 gnolls.

Vanquished Creatures
  Grinder (D:3)
  2 scorpions
  5 orc priests
  Terence (D:3)
  Natasha (D:3)
  2 orc wizards
  6 gnolls
  4 adders
  A ribbon worm (D:3)
  9 orcs
  4 bats
  5 endoplasms
  6 giant cockroaches
  5 goblins
  6 hobgoblins
  11 jackals (D:1)
  4 quokkas (D:1)
  7 ball pythons
  2 frilled lizards (D:1)
  6 kobolds
  5 rats
93 creatures vanquished.

Notes
Turn   | Place    | Note
-------+----------+-------------------------------------------
     0 | D:1      | adelrune the Coglin Hunter began the quest for the Orb.
     0 | D:1      | Reached XP level 1. HP: 16/16 MP: 1/1
    20 | D:1      | Reached skill level 1 in Stealth
    56 | D:1      | Reached XP level 2. HP: 22/22 MP: 2/2
   248 | D:1      | Reached skill level 4 in Ranged Weapons
   248 | D:1      | Reached XP level 3. HP: 27/27 MP: 3/3
   304 | D:1      | Found Wosiag's Assorted Antiques.
   738 | D:2      | Found a faded altar of an unknown god.
  1378 | D:2      | Reached XP level 4. HP: 17/34 MP: 4/4
  1729 | D:3      | Reached XP level 5. HP: 40/40 MP: 5/5
  1834 | D:3      | Learned a level 2 spell: Jinxbite
  1871 | D:3      | Noticed Terence
  1881 | D:3      | Killed Terence
  1898 | D:3      | Found a hide-covered altar of Uskayaw.
  1941 | D:3      | Noticed Grinder
  1962 | D:3      | Killed Grinder
  1963 | D:3      | Reached skill level 5 in Ranged Weapons
  1963 | D:3      | Reached skill level 1 in Hexes
  1963 | D:3      | Reached XP level 6. HP: 28/47 MP: 6/6
  2065 | D:3      | Found a runed translucent door.
  2066 | D:3      | Noticed Crazy Yiuf
  2350 | D:4      | Noticed Natasha
  2468 | D:3      | Killed Natasha
  2506 | D:3      | Reached XP level 7. HP: 48/52 MP: 7/7
  3105 | D:4      | Noticed Edmund
  3343 | D:5      | Entered Level 5 of the Dungeon
  3451 | D:4      | HP: 1/54 [gnoll/+0 club (5)]
  3452 | D:4      | Slain by a gnoll

Illustrated notes

Levels and vault maps discovered:
D:1:      amcnicky_arrival_gap_in_the_tavern_cellar, layout_rooms,
          serial_forest, infiniplex_forest_end_2, infiniplex_forest_lined_room_,
          infiniplex_forest_straight_4, infiniplex_forest_end_3,
          infiniplex_forest_diagonal, serial_shops, shop
D:2:      layout_loops_ring, ebering_ecumenical_altar_box
D:3:      layout_basic, nicolae_uskayaw_suspiria, serial_rivers,
          chequers_serial_rivers_micro_a, chequers_serial_rivers_marsh,
          chequers_serial_rivers_micro_c, chequers_serial_rivers_room_a,
          chequers_serial_rivers_micro_c, kennysheep_generic_room_6,
          uniq_terence, uniq_crazy_yiuf_cottage, uniq_grinder
D:4:      layout_cave_pools, uniq_edmund, uniq_natasha
D:5:      lemuel_castle_with_subvaults [lemuel_castle_interior_carwin_1],
          layout_rooms, mainiacjoe_overflow_brackets, kennysheep_doodads

Skill      XL: |  1  2  3  4  5  6  7 |
---------------+----------------------+-----
Stealth        | 1 |  1.9
Dodging        | 2 3 |  3.5
Ranged Weapons | 4 5 |  5.8
Fighting       | 3 4 |  4.0
Hexes          | 1 2 3 |  3.2

Action                     |  1- 3 |  4- 6 |  7- 9 || total
---------------------------+-------+-------+-------++-------
   Fire: Sling             |   166 |   190 |   166 ||   522
   Cast: Jinxbite          |       |       |     1 ||     1
    Use: Potion            |       |     3 |       ||     3
         Scroll            |       |       |     2 ||     2
 Armour: Leather armour    |    10 |    26 |    28 ||    64
  Dodge: Dodged            |     9 |    26 |    22 ||    57

Table legend: (Time is in decaauts)
 A = Elapsed time spent in this place.
 B = Non-inter-level travel time spent in this place.
 C = Inter-level travel time spent in this place.
 D = Time resting spent in this place.
 E = Time spent auto-exploring this place.
 F = Levels seen in this place.
 G = Mean time per level.
                   A        B        C        D        E       F      G
               +--------+--------+--------+--------+--------+-----+--------+
         Total |   3521 |   3384 |    137 |    658 |   2107 |   5 |  704.2 |
       Dungeon |   3521 |   3384 |    137 |    658 |   2107 |   5 |  704.2 |
               +--------+--------+--------+--------+--------+-----+--------+

Top non-repeatable levels by time:
     D:3: 1454 daAuts
     D:2: 745 daAuts
     D:4: 689 daAuts
     D:1: 621 daAuts
     D:5: 11 daAuts
